 Dungeon Crawl Stone Soup version 0.20.0-15-g7f486f2 (webtiles) character file.

43 Loootie the Magician (level 3, -2/31 HPs)
             Began as a Troll Wizard on June 19, 2017.
             Succumbed to a kobold's poison
             ... on level 3 of the Dungeon.
             The game lasted 00:13:13 (1776 turns).

Loootie the Magician (Troll Wizard)                 Turns: 1776, Time: 00:13:14

Health: -2/31      AC:  6    Str: 15    XL:     3   Next: 37%
Magic:  3/5        EV: 10    Int: 15    God:
Gold:   81         SH:  0    Dex:  8    Spells: 5/6 levels left

rFire    . . .     SeeInvis .   o - +1 club
rCold    . . .     Gourm    +   (no shield)
rNeg     . . .     Faith    .   a - +1 robe
rPois    .         Spirit   .   b - +0 hat
rElec    .         Reflect  .   (no cloak)
rCorr    .         Harm     .   (gloves unavailable)
MR       .....                  (boots unavailable)
Stlth    +.........             (no amulet)
Regen    0.5/turn               (no ring)
MPRegen  0.1/turn               (no ring)

@: lethally poisoned (-2 -> -19), very slightly contaminated
A: unfitting armour, claws 3, fast metabolism 3, gourmand, regeneration 1,
shaggy fur 1, tough skin 2
a: no special abilities


You were on level 3 of the Dungeon.
You were very full.

You visited 1 branch of the dungeon, and saw 3 of its levels.

You collected 81 gold pieces.

Inventory:

Hand Weapons
 n - a +0 dagger
 o - a +1 club (weapon)
 p - a +0 short sword
 q - a +0 dagger
 v - a +0 club
 w - a +0 dagger
Armour
 a - a +1 robe (worn)
 b - a +0 hat (worn)
Magical Staves
 x - an uncursed staff of cold {unknown}
Jewellery
 m - a cursed ring of positive energy {unknown}
Scrolls
 e - 4 scrolls of remove curse
 h - 2 scrolls of enchant armour
 s - a scroll of fear
 t - a scroll of teleportation {unknown}
Potions
 f - a potion of curing
 i - 2 potions of lignification {unknown}
 j - a potion of brilliance {unknown}
 k - a potion of haste
 l - a potion of might {unknown}
 u - a potion of berserk rage {unknown}
Books
 c - a book of Minor Magic

   Spells                             Type                      Level
   a - Magic Dart                     Conjuration                  1
   b - Blink                          Translocation                2
   c - Call Imp                       Summoning                    2
   d - Slow                           Hexes                        2
   e - Conjure Flame                  Conjuration/Fire             3
   f - Mephitic Cloud                 Conjuration/Poison/Air       3
Comestibles
 d - 3 bread rations
 g - 4 fruits
 r - a meat ration


   Skills:
 + Level 0.1 Fighting
 + Level 0.1 Maces & Flails
 + Level 1.9 Dodging
 + Level 1.1 Stealth
 + Level 1.0 Unarmed Combat
 + Level 2.3 Spellcasting
 + Level 0.8 Conjurations
   Level 0.6 Summonings
   Level 0.6 Translocations


You had 5 spell levels left.
You knew the following spells:

 Your Spells              Type           Power        Failure   Level  Hunger
a - Magic Dart            Conj           #...         16%         1    #......


Dungeon Overview and Level Annotations

Branches:
Dungeon (3/15)

Altars:


Innate Abilities, Weirdness & Mutations

You are too large for most types of armour.
You have claws for hands.
Your metabolism is lightning-fast.
You like to eat raw meat.
Your natural rate of healing is unusually fast.
You are covered in fur. (AC +1)
You have very tough skin. (AC +2)


Message History

The kobold closely misses you.
A rat comes into view.
You barely miss the bullfrog.
The bullfrog is severely wounded.
You feel sick. The bullfrog hits you!
* * * LOW HITPOINT WARNING * * *
The kobold hits you but does no damage.
You are more poisoned.
The bullfrog hits you but does no damage.
The kobold hits you but does no damage.
You are more poisoned.
You hit the bullfrog.
The bullfrog is severely wounded.
* * * LOW HITPOINT WARNING * * *
You feel very sick.
The bullfrog hits you but does no damage.
The bullfrog closely misses you. The kobold barely misses you.
You barely miss the bullfrog.
The bullfrog is severely wounded.
You die...

..# . ... ....
.r## ..#####..
.....##.###
#.##.##...#
#######.##..KF#.#
#<......##..@...#
#####....#....###
#...........#
#....######+#
#....# ###.## #.#
#.# #.#


You could see a bullfrog, a kobold and a rat.

Vanquished Creatures
  3 leopard geckos (D:2)
  A giant cockroach (D:2)
  6 hobgoblins
  6 kobolds
  8 bats
  A frilled lizard (D:2)
  4 goblins
  11 rats
40 creatures vanquished.

Notes
Turn   | Place    | Note
-------+----------+-------------------------------------------
     0 | D:1      | Loootie the Troll Wizard began the quest for the Orb.
     0 | D:1      | Reached XP level 1. HP: 16/16 MP: 2/2
   270 | D:1      | Reached XP level 2. HP: 24/24 MP: 2/4
   936 | D:2      | Reached XP level 3. HP: 29/31 MP: 3/5
  1196 | D:2      | Reached skill level 1 in Unarmed Combat
  1759 | D:3      | Noticed a bullfrog
  1775 | D:3      | HP: 1/31 [poisoned by a kobold]
  1776 | D:3      | Succumbed to a kobold's poison

Skill      XL: |  1  2  3 |
---------------+----------+-----
Unarmed Combat | 1 |  1.0
Fighting       | |  0.1
Maces & Flails | |  0.1
Dodging        | |  1.9
Stealth        | |  1.1
Spellcasting   | |  2.3
Conjurations   | |  0.8
Summonings     | |  0.6
Translocations | |  0.6

Action                   || total
-------------------------++-------
Melee: Unarmed           ||    59
       Club              ||    71
       Punch             ||     1
 Cast: Magic Dart        ||    35
  Use: Scroll            ||     6
       Potion            ||     1
  Eat: Chunk             ||    21
Armor: Robe              ||    63
Dodge: Dodged            ||    94
